[Event "2nd Bassano Easter 2022"]
[Site "Bassano del Grappa"]
[Date "2022.04.18"]
[Round "8.1"]
[White "Bernadskiy, Vitaliy"]
[Black "Heberla, Bartlomiej"]
[Result "1-0"]
[ECO "D36"]
[WhiteElo "2601"]
[BlackElo "2570"]
[Annotator "TA"]
[PlyCount "124"]
[EventDate "2022.04.14"]
[EventType "swiss"]
[EventCountry "ITA"]
[SourceTitle "playchess.com"]
[Source "ChessBase"]
[SourceQuality "1"]
[TimeControl "30/3600+30:1800+30"]

1. d4 d5 2. c4 e6 3. Nc3 Nf6 4. cxd5 exd5 5. Bg5 c6 6. e3 h6 7. Bh4 Be7 8. Qc2 O-O 9. Bd3 Re8 10. Nge2 Nbd7 11. O-O Nh5 12. Bxe7 {[%emt 0:01:04] D36: Queen's Gambit Declined: Exchange Variation: Main line (5 Bg5 c6 6 Qc2).} Qxe7 13. Rab1 a5 14. Na4 {[%emt 0:00:35] White has an edge.} Nf8 15. Nb6 {[%emt 0:04:46] [#]} Rb8 $146 ({Predecessor:} 15... Ra7 16. Nc3 Be6 17. a3 Qg5 18. Nca4 f5 19. f4 Qf6 20. Nc5 g6 21. Rf3 Qd8 {1-0 (34) Soln,P (2419)-Medved,A Ljubljana 2002}) 16. Qc3 (16. Qa4 {seems wilder.} Qg5 17. Qxa5 Bh3 18. Ng3) 16... Qd8 17. Nxc8 (17. Qxa5 $2 Nd7 18. Nc4 (18. g4 $2 Nhf6 $19) 18... dxc4 19. Qxd8 Rxd8 $19) 17... Rxc8 18. b4 axb4 $1 19. Qxb4 Rc7 20. a4 Qg5 21. a5 (21. Rb3 $14) 21... Nf6 (21... Rxe3 $1 $11 22. fxe3 Qxe3+ 23. Kh1 Qxd3) 22. Nf4 Ne6 23. Nxe6 {[%emt 0:01:41] &Bianco is more active.} fxe6 24. a6 bxa6 25. Qb6 Ree7 ({Black should play} 25... Rec8 $14) 26. Rbc1 e5 27. Rxc6 Rxc6 28. Qxc6 exd4 29. exd4 Kf7 30. Qxa6 Qd2 31. h4 h5 (31... g5 $142) 32. Qa3 $1 $16 Re1 33. Qa7+ Kg8 34. Qb8+ Kf7 35. Qc7+ Kg8 36. Qc2 (36. Rxe1 $16 {Intending Qd8+ and mate.} Qxe1+ 37. Bf1) 36... Qxc2 $14 37. Bxc2 {[%emt 0:00:03][%mdl 4096] Endgame KRB-KRN} Re2 38. Bg6 Rd2 $1 39. Rb1 Kf8 40. Rb4 Ng4 $1 41. g3 {[%emt 0:00:13] Strongly threatening Rb8+.} Nxf2 42. Rb8+ Ke7 43. Rb7+ Kd6 (43... Kf6 $11 44. Bxh5 Ne4) 44. Rxg7 $16 ({Don't play} 44. Bxh5 g5 $11) 44... Ne4 45. Bxh5 {[%emt 0:07:21] aiming for Bf3.} Rxd4 46. Bf3 $1 Rd3 (46... Nxg3 $142 47. Rxg3 Rxh4) 47. Bxe4 dxe4 {[%emt 0:00:01] [#] KR-KR} 48. h5 (48. Rg8 $1 $16 {[%cal Rg8d8] Rd8+ would kill now.} Ke5 49. Kg2) 48... e3 {[%emt 0:00:02] ( -> ...Rd1+)} 49. Kf1 Rd2 50. g4 Rh2 51. Rg5 Ke6 52. Ke1 Rg2 53. h6 {[%emt 0:01:34] Threatening mate with h7.} Rh2 $1 54. Rg6+ Ke5 55. g5 {[%emt 0:00:17] Threatens to win with Rg8.} Kf4 (55... Kf5 $2 56. Rg7 $18) 56. Rg8 Rh1+ 57. Ke2 Rh2+ 58. Kd3 {[%emt 0:00:53] White wants to mate with g6.} Rd2+ 59. Kc3 Rd7 60. g6 ({Wrong is} 60. Rg7 $2 {[#]} e2 $1 61. Rxd7 e1=Q+ 62. Kc2 Qe4+ 63. Kd2 Qe3+ 64. Kd1 Qb3+ 65. Kd2 Qe3+ 66. Kd1 Qe6 $19) 60... Re7 (60... e2 $11 61. Re8 Rd8 62. Rxe2 (62. Rxd8 $2 {too greedy.} e1=Q+ 63. Kc4 Qe2+ 64. Kc3 Qe5+ 65. Kb3 Qe6+ 66. Kc2 Qxg6+ 67. Rd3 Ke4 $19) 62... Kg5) 61. Rf8+ Ke4 62. g7 Kd5 {[%emt 0:01:05] Weighted Error Value: White=0.10 (very precise) /Black=0.24 (precise)} 1-0

[Event "2nd Bassano Easter 2022"]
[Site "Bassano del Grappa"]
[Date "2022.04.17"]
[Round "8.2"]
[White "Fier, Alexandr"]
[Black "Basso, Pier Luigi"]
[Result "1/2-1/2"]
[ECO "C42"]
[WhiteElo "2583"]
[BlackElo "2600"]
[Annotator "TA"]
[PlyCount "40"]
[EventDate "2022.04.14"]
[EventType "swiss"]
[EventCountry "ITA"]
[SourceTitle "playchess.com"]
[Source "ChessBase"]
[SourceQuality "1"]
[TimeControl "30/3600+30:1800+30"]

1. e4 e5 2. Nf3 Nf6 3. Nxe5 d6 4. Nf3 Nxe4 5. d3 Nf6 6. d4 {[%emt 0:00:05] The position is equal.} g6 {[%emt 0:00:25] C42: Petroff Defence: 3 Nxe5 and unusual White 3rd moves.} 7. Bd3 Bg7 8. O-O O-O 9. h3 Nc6 10. c3 Re8 11. Bg5 h6 {[%emt 0:01:04] [#]} 12. Bh4 $146 ({Predecessor:} 12. Bxf6 Qxf6 13. Nbd2 Bf5 14. Nc4 Bxd3 15. Qxd3 Qe7 16. Rfe1 Qd7 17. Rxe8+ Rxe8 18. Re1 Rxe1+ 19. Nxe1 d5 20. Ne3 Ne7 21. Nf3 c6 22. Ng4 Qe6 {½-½ (22) Mohammad,J (2073)-Laylo,D (2434) Tornelo INT 2021}) 12... Ne7 13. Nbd2 Bf5 14. Bxf5 Nxf5 15. Bxf6 Bxf6 16. Qb3 b6 17. Rfe1 Rxe1+ 18. Rxe1 d5 19. Ne5 Bxe5 20. Rxe5 c6 {[%emt 0:00:36] Not much happened in this game.  Weighted Error Value: White=0.02 (flawless) /Black=0.03 (flawless)} 1/2-1/2

[Event "2nd Bassano Easter 2022"]
[Site "Bassano del Grappa"]
[Date "2022.04.17"]
[Round "8.3"]
[White "Baum, Jonasz"]
[Black "Postny, Evgeny"]
[Result "1-0"]
[ECO "E20"]
[WhiteElo "2287"]
[BlackElo "2567"]
[Annotator "TA"]
[PlyCount "87"]
[EventDate "2022.04.14"]
[EventType "swiss"]
[EventCountry "ITA"]
[SourceTitle "playchess.com"]
[Source "ChessBase"]
[SourceQuality "1"]
[TimeControl "30/3600+30:1800+30"]

1. d4 Nf6 2. c4 e6 3. Nc3 Bb4 4. g3 O-O 5. Bg2 Bxc3+ 6. bxc3 d6 {[%emt 0:00:09] E20: Nimzo-Indian: 4 g3 and 4 f3.} 7. Nf3 Nc6 8. Qd3 $1 {[%emt 0:00:14][%mdl 4] now scores much better than the old 8.0-0.} Re8 {[%emt 0:03:06] The position is equal.} 9. O-O Bd7 (9... e5 $11 10. Nd2 Bg4) 10. e4 e5 11. Nd2 {[%emt 0:00:31] [#]} Na5 $146 (11... Qc8 $11) ({Predecessor:} 11... Qc8 12. Nb3 Bh3 13. d5 Nb8 14. c5 dxc5 15. Nxc5 Bxg2 16. Kxg2 c6 17. d6 Nfd7 {0-1 (46) Lumachi,G (2306)-Tratar,M (2441) Trieste 2020}) 12. f4 (12. Nb3 $5 c5 13. Bg5 $14 (13. dxc5 dxc5 14. Bg5 b6 $14)) 12... c5 13. d5 (13. fxe5 $14 dxe5 14. d5 (14. dxc5 Qc7 $15)) 13... b5 14. cxb5 c4 $1 15. Qe3 (15. Nxc4 $2 Bxb5 16. Qf3 Nxc4 $19) 15... Ng4 16. Qf3 Qb6+ 17. Kh1 {[%emt 0:00:08] Threatening f5.} Ne3 {[%emt 0:00:21] Pair of Knights!} 18. Rg1 Nxg2 (18... Bg4 $1 $11 19. Qf2 Nd1 20. Qxb6 axb6) 19. Qxg2 f5 $2 {[%emt 0:06:30] [#] A mistake that costs the game.} ({Black should try} 19... Nb7 $14) 20. g4 $1 $18 fxe4 21. f5 Qxb5 (21... e3 22. Ne4) (21... Rf8 {was worth a try.} 22. Nxe4 Nb7) 22. Nxe4 Nb7 23. Be3 {[%emt 0:04:22] Hoping for Rab1.} Rf8 24. Rab1 Qa6 25. f6 Nc5 26. fxg7 Kxg7 27. Bxc5 (27. Nxc5 dxc5 28. Bxc5 Rf4 $18) 27... dxc5 28. Nxc5 Qd6 {[%emt 0:01:18] [#]} 29. Rb7 $1 Rf7 30. Rxd7 ({Weaker is} 30. Ne6+ Kh8 $11) 30... Rxd7 31. Nxd7 Qxd7 {[%emt 0:00:10][%mdl 4096] Endgame KQR-KQR} 32. Qe4 Re8 (32... Qd6 33. Rb1 (33. Qxc4 Rc8 $16) 33... Kg8 34. Qxc4 Rf8) 33. Rf1 Qd6 34. Qxc4 {[%emt 0:07:37] And now Qe4 would win.} ({Not} 34. Qf3 Rd8 $16) 34... e4 $2 (34... Rd8 {was necessary.} 35. Rd1 Rf8) 35. Qd4+ {[%emt 0:00:27] White is clearly winning.} Kg8 (35... Qe5 $142 36. Qxa7+ Re7) 36. Rf5 h6 {[%emt 0:03:53] Against Rg5+} 37. Rf6 Qe5 38. Qxe5 Rxe5 {[%emt 0:00:05] KR-KR} 39. Rf5 Re8 40. Kg2 {[%emt 0:00:52] aiming for d6.} Rc8 41. d6 {[%emt 0:00:29][%cal Bd5d6,Bd6d7][%mdl 32] d7 would kill now.} Rd8 42. Rd5 {[%emt 0:00:10] White threatens d7 and mate.} Kf7 43. d7 Ke6 44. c4 {[%emt 0:00:11] Weighted Error Value: White=0.13 (very precise) /Black=0.51} 1-0

[Event "2nd Bassano Easter 2022"]
[Site "Bassano del Grappa"]
[Date "2022.04.17"]
[Round "8.4"]
[White "Kalogridis, Antonios"]
[Black "Krasteva, Beloslava"]
[Result "1-0"]
[ECO "E48"]
[WhiteElo "2322"]
[BlackElo "2246"]
[Annotator "TA"]
[PlyCount "78"]
[EventDate "2022.04.14"]
[EventType "swiss"]
[EventCountry "ITA"]
[SourceTitle "playchess.com"]
[Source "ChessBase"]
[SourceQuality "1"]
[TimeControl "30/3600+30:1800+30"]

1. d4 Nf6 2. c4 e6 3. Nc3 Bb4 4. e3 O-O 5. Bd3 d5 6. cxd5 exd5 7. a3 {[%emt 0:00:04] E48: Nimzo-Indian: Rubinstein: 5 Bd3 d5 including 6 Ne2, but excluding 6 a3.} Bd6 8. Qc2 a6 9. Nge2 {[%emt 0:00:08] The position is equal.} Re8 10. O-O Nbd7 11. b4 {[%emt 0:00:05] [#]} c6 $146 (11... Nf8 $11) ({Predecessor:} 11... b6 12. b5 Nf8 13. f3 Ne6 14. Kh1 Bf8 15. Bb2 axb5 16. Bxb5 Bd7 17. a4 {½-½ (17) Nisipeanu,L (2652)-Lodici,L (2537) Cattolica 2022}) 12. f3 $1 $14 a5 13. Rb1 axb4 14. axb4 Nf8 15. e4 dxe4 16. fxe4 Bc7 17. e5 Nd5 18. Ne4 Ne6 {[%emt 0:02:22] Prevents Ng5.} 19. Kh1 Rf8 20. Rf3 {[%emt 0:07:22] &Bianco is more active.} (20. b5 $16) 20... f6 ({Black should play} 20... Qh4 $11 21. g3 Qh5) 21. N4g3 (21. exf6 $14 Kh8 22. b5 Nxf6 23. bxc6 Nxe4 24. Bxe4 bxc6 25. Qxc6) 21... fxe5 $11 {[%emt 0:08:36] Hoping for ...Rxf3.} 22. Bxh7+ Kh8 {[%emt 0:00:01] ...Rxf3 is the strong threat.} 23. Nf5 {[%emt 0:01:57] Black must now prevent Rh3.} Ng5 {[%emt 0:01:28] Inhibits Rh3.} (23... Kxh7 $2 {leads to mate.} 24. Ne7+ g6 25. Qxg6+ Kh8 26. Qh6#) 24. Bxg5 Qxg5 25. Rh3 Rf6 $1 (25... Bxf5 $2 26. Bxf5+ Qh6 27. Rxh6+ $18) 26. dxe5 {[%emt 0:02:44] Chess con chili.} Bxf5 {[%emt 0:02:20][%mdl 64] [#] Remove Defender} 27. Bxf5+ Rh6 28. Rxh6+ Qxh6 29. Qe4 {[%emt 0:00:16] [#]} Nf6 $1 30. Qf4 {[%emt 0:00:00] And now Qxh6+ would win.} ({Much weaker is} 30. Qd4 Re8 31. Qf2 Rxe5 $15) (30. Qc4 Bxe5) 30... Nd5 ({But not} 30... Qxf4 31. Nxf4 Nd5 32. Nxd5 cxd5 33. e6 $16) 31. Qxh6+ gxh6 32. e6 Kg7 33. b5 cxb5 34. Be4 Nf6 {[%emt 0:07:54] White is slightly better.} 35. Bxb7 Re8 36. Nd4 {[%emt 0:01:37] aiming for Bc6.} Bb6 37. Nf5+ Kg6 38. Nh4+ Kh7 39. Rxb5 Rxe6 {[%emt 0:00:07] Weighted Error Value: White=0.07 (flawless) /Black=0.12 (very precise)} 1-0

[Event "2nd Bassano Easter 2022"]
[Site "Bassano del Grappa"]
[Date "2022.04.17"]
[Round "8.5"]
[White "Bosiocic, Marin"]
[Black "Petkidis, Anthony"]
[Result "*"]
[ECO "A11"]
[WhiteElo "2522"]
[BlackElo "2420"]
[Annotator "TA"]
[PlyCount "28"]
[EventDate "2022.04.14"]
[EventType "swiss"]
[EventCountry "ITA"]
[SourceTitle "playchess.com"]
[Source "ChessBase"]
[SourceQuality "1"]
[TimeControl "30/3600+30:1800+30"]

1. Nf3 d5 2. g3 Bg4 3. Bg2 e6 4. O-O Nf6 5. c4 c6 6. d3 dxc4 {[%emt 0:02:28] Nowadays more popular than 6...Nbd7. A11: English Opening: 1...c6.} 7. dxc4 Qxd1 8. Rxd1 Nbd7 {[%emt 0:00:03] The position is equal.} 9. Nc3 O-O-O 10. Be3 {[%emt 0:00:00] [#]} Bxf3 $146 ({Predecessor:} 10... Bc5 11. Bxc5 Nxc5 12. Ne5 Bh5 13. b4 Ncd7 14. Nd3 Nb6 15. b5 cxb5 16. c5 Nbd5 17. Nxb5 Bxe2 {½-½ (91) Szeberenyi,A (2380)-Terbe,J (2305) Budapest 2021}) 11. Bxf3 Bc5 12. Bxc5 Nxc5 13. b4 Ncd7 14. c5 Kc7 {[%emt 0:03:26] Not much happened in this game.  Weighted Error Value: White=0.12 (very precise) /Black=0.08 (flawless)} *

[Event "2nd Bassano Easter 2022"]
[Site "Bassano del Grappa"]
[Date "2022.04.17"]
[Round "8.6"]
[White "Bosiocic, Marin"]
[Black "Petkidis, Anthony"]
[Result "1-0"]
[ECO "A30"]
[WhiteElo "2522"]
[BlackElo "2420"]
[Annotator "TA"]
[PlyCount "161"]
[EventDate "2022.04.14"]
[EventType "swiss"]
[EventCountry "ITA"]
[SourceTitle "playchess.com"]
[Source "ChessBase"]
[SourceQuality "1"]
[TimeControl "30/3600+30:1800+30"]

1. Nf3 c5 2. c4 Nf6 3. g3 b6 4. Bg2 Bb7 5. O-O g6 6. d4 cxd4 7. Qd2 d3 8. Qxd3 Bg7 9. Qd4 d6 10. Nc3 Nbd7 11. Be3 Rb8 12. Rac1 Rc8 13. Rfd1 h6 {[%emt 0:00:00] A30: Symmetrical English: Double Fianchetto and Hedgehog.} 14. b3 O-O 15. Qd2 $1 h5 {[%emt 0:00:00] [#] White is slightly better.} 16. Bd4 $146 ({Predecessor:} 16. h3 a6 17. Bh6 Rc5 18. Be3 Rc8 19. Bh6 Rc5 20. Be3 Rc8 {½-½ (18) Olsen,H (2345)-Lund,S (2292) Dianalund 2005}) 16... Ne4 17. Nxe4 Bxe4 18. Bxg7 Kxg7 19. Bh3 Bb7 20. Nd4 (20. Bxd7 Qxd7 21. Nh4 Qc6 $11) 20... Rh8 21. Nb5 a6 $2 {[%emt 0:00:00] [#]} (21... Ra8 $14) 22. Qc3+ ({White should try} 22. Qb2+ $1 $18 Nf6 23. Bxc8 Bxc8 24. Nc3) 22... Nf6 $16 23. Bxc8 {[%emt 0:00:00] 0x0.00299f40aea5dp-1022s more active pieces.} Bxc8 24. Nd4 h4 25. Nf3 hxg3 26. fxg3 Bb7 27. b4 Qc8 {[%emt 0:01:42] [#]} (27... Qc7 $142) 28. c5 $1 bxc5 29. bxc5 dxc5 (29... Qe6 $16) 30. Qxc5 $18 Qe6 (30... Qh3 {is a better defense.} 31. Rd2 Rc8) 31. Qe5 {[%emt 0:19:03] Hoping for Qxe6.} Qxa2 {[%emt 0:30:58] aiming for ...Bxf3.} 32. g4 Kh7 $2 (32... Be4 33. g5 Qxe2) 33. Qxe7 Bxf3 34. exf3 ({Wrong is} 34. Ra1 $2 Qxe2 35. Qxe2 Bxe2 $19) (34. Qxf6 $142 {Threatening mate with Rd7.} Bxg4 35. Rc7) 34... Kg7 35. Qe5 Re8 36. Qa1 Qb3 (36... Qe2 $142 37. Rf1 (37. Re1 Qxf3 38. Rxe8 Qxg4+ 39. Kf2 Qh4+ 40. Kf1 Qf4+ 41. Ke1 Qb4+ 42. Qc3 Qxc3+ 43. Rxc3 Nxe8 $16) 37... Qe3+ 38. Rf2 Kg8) 37. Qc3 Qb6+ 38. Kh1 {[%emt 0:00:00] And now g5 would win.} Kg8 39. Rb1 Qe6 40. Re1 Qd6 41. Rxe8+ Nxe8 {[%emt 0:00:00][%mdl 4096] Endgame KQR-KQN} 42. Qe3 Ng7 43. Qb6 Qd3 44. Qb8+ Kh7 45. Qb3 Qd7 46. Qb7 Qd3 47. Qe4 Qa3 (47... Qd6 48. Rb7 Qf6) 48. h4 Ne6 49. h5 {[%emt 0:00:00] hxg6+ is the strong threat.} Nf8 50. Rb7 Qa1+ 51. Kg2 {[%emt 0:00:00] Intending Qf4 and mate.} Qa2+ 52. Kh3 Kg8 53. Qf4 Qd5 54. Rb8 gxh5 55. gxh5 $2 (55. Kh4 {White wants to mate with Qb4.} Kg7 56. gxh5) 55... Qxh5+ 56. Kg3 {[%emt 0:01:45] Strongly threatening Qg4+.} Qc5 $2 (56... Qd5 57. Qb4 Qe5+ 58. Kh3 Qh5+ 59. Kg2 Qg5+ 60. Kh3 Qh6+ 61. Kg3 a5 62. Qg4+ Kh7) 57. Kg4 ({Weaker is} 57. Qg4+ Kh7 $16) 57... Qg1+ 58. Qg3 Qc5 59. Re8 {[%emt 0:04:04] Threatens to win with Kh3+.} Kh7 60. Qh4+ Kg6 61. Kh3 (61. f4 $18) 61... Kg7 $16 62. Rd8 Qa3 (62... Qc1 $16) 63. Qd4+ $18 Kg8 (63... Kg6 $142) 64. Kg3 {[%emt 0:00:18] Qd6 would kill now.} Kh7 $2 (64... Qe7 $18 65. Qd6 Qe1+ 66. Kg4 Qg1+ 67. Kf5 Qb1+ 68. Kf4 Qc1+ 69. Ke4 Qb1+ 70. Kf4 Qc1+ 71. Ke4 Qe1+ 72. Kf4 Qc1+) 65. Qd3+ {[%emt 0:00:05] White mates.} Qxd3 66. Rxd3 {[%emt 0:00:03] KR-KN} Ng6 67. Ra3 Kh6 68. Kg4 Kg7 69. Rxa6 Ne5+ 70. Kf4 Ng6+ 71. Kg5 Nf8 72. Rd6 Ne6+ 73. Kf5 Nf8 74. f4 Nh7 75. Rd1 Kf8 76. Ke5 Ke7 77. Ra1 Kf8 78. f5 Ng5 79. f6 Ke8 80. Ra7 Nh7 81. Ke4 $2 {[%emt 0:22:46][%mdl 32768] Weighted Error Value: White=0.33/Black=0.38. Sensor Board Error (Ke4/e5)?} (81. Kd6 {mates} Nxf6 82. Ra8#) 1-0

[Event "2nd Bassano Easter 2022"]
[Site "Bassano del Grappa"]
[Date "2022.04.17"]
[Round "8.6"]
[White "Nandhidhaa, P V"]
[Black "Nesterov, Arseniy"]
[Result "0-1"]
[ECO "A30"]
[WhiteElo "2380"]
[BlackElo "2522"]
[Annotator "TA"]
[PlyCount "40"]
[EventDate "2022.04.14"]
[EventType "swiss"]
[EventCountry "ITA"]
[SourceTitle "playchess.com"]
[Source "ChessBase"]
[SourceQuality "1"]
[TimeControl "30/3600+30:1800+30"]

1. Nf3 c5 2. c4 Nf6 3. g3 b6 4. Bg2 Bb7 5. O-O g6 6. d4 cxd4 7. Qd2 d3 8. Qxd3 Bg7 9. Qd4 d6 10. Nc3 Nbd7 11. Be3 Rb8 12. Rac1 Rc8 13. Rfd1 h6 {[%emt 0:00:00] A30: Symmetrical English: Double Fianchetto and Hedgehog.} 14. b3 O-O 15. Qd2 h5 {[%emt 0:00:00][%mdl 32768] [#] Loss on time!?} {Predecessor:} 16. h3 $146 a6 17. Bh6 Rc5 18. Be3 Rc8 19. Bh6 Rc5 20. Be3 Rc8 {½-½ (18) Olsen,H (2345)-Lund,S (2292) Dianalund 2005} 0-1

[Event "2nd Bassano Easter 2022"]
[Site "Bassano del Grappa"]
[Date "2022.04.18"]
[Round "8.7"]
[White "Olde, Margareth"]
[Black "Gallego Alcazar, Andres Felipe"]
[Result "0-1"]
[ECO "D90"]
[WhiteElo "2258"]
[BlackElo "2523"]
[Annotator "TA"]
[PlyCount "110"]
[EventDate "2022.04.14"]
[EventType "swiss"]
[EventCountry "ITA"]
[SourceTitle "playchess.com"]
[Source "ChessBase"]
[SourceQuality "1"]
[TimeControl "30/3600+30:1800+30"]

1. d4 Nf6 2. c4 g6 3. Nc3 d5 4. Nf3 Bg7 5. h4 dxc4 6. e4 {[%emt 0:00:17] D90: Grünfeld: 4 Nf3 Bg7 sidelines.} c5 7. d5 b5 {[%emt 0:00:25] Inhibits Qa4.} 8. h5 {[%emt 0:01:11] Black is slightly better.} Nxh5 (8... O-O $5 ) 9. Nxb5 Qa5+ 10. Nc3 $1 Bg4 {[%emt 0:00:11] [#]} 11. Qc2 $146 ({Predecessor:} 11. Bd2 Nd7 12. Bxc4 O-O 13. Be2 Qb6 14. Rb1 e6 15. Ng5 Bxe2 16. Qxe2 Rae8 17. d6 {0-1 (40) Bernadskiy,V (2540)-Fedoseev,V (2667) Chess.com INT 2016}) 11... Bxf3 12. gxf3 Nd7 13. Bxc4 Rb8 14. Bd2 O-O $1 15. Rb1 Qc7 {[%emt 0:09:35][%cal Oh5g3] Against f4} 16. Qc1 (16. Kf1 $11) 16... Ne5 $15 17. Be2 c4 $1 {[%emt 0:00:10] &Nero is more active.} 18. Bh6 (18. Qc2 $15) 18... Qd6 19. Bxg7 (19. Kf1 $17) 19... Kxg7 $19 20. Qg5 {[%emt 0:11:05] [#]} h6 $1 21. Qh4 (21. Qe3 Nf4) 21... Rh8 22. Kd2 (22. O-O $142 Nd3 23. Bxd3 cxd3 24. Nd1) 22... Nd7 23. e5 Qxe5 (23... Nxe5 24. f4 Nd7 25. Bxh5 gxh5 26. Qxh5 $17) 24. Qxc4 (24. Qe4 $142) 24... Ndf6 {[%emt 0:01:16] Threatens to win with ...Rhc8.} (24... Rhc8 $2 25. Rxh5 Qxh5 26. Qf4 $19) 25. Rh4 Rhd8 (25... Qg5+ $142 26. Kc2 Rbc8) 26. f4 Qd6 27. Bxh5 (27. f5 {keeps fighting.}) 27... Rb4 $1 {[%emt 0:00:57][%mdl 64] Skewer} ({Worse is} 27... Nxh5 28. f5 $17) (27... gxh5 28. a3 $17) (27... Nxd5 28. Nxd5 (28. Qd4+ Nf6 $17) 28... Qxd5+ 29. Qxd5 Rxd5+ 30. Ke3 gxh5 31. b4 $17) 28. Qd3 Rxf4 {[%emt 0:01:13] Really sharp!} ({Inferior is} 28... gxh5 29. Rg1+ Kf8 30. Kc1 $19) 29. Rxf4 Qxf4+ 30. Qe3 Nxd5 {[%emt 0:00:00][%mdl 64] Pin} ({And not} 30... Nxh5 31. Rd1 $19) 31. Qxf4 Nxf4+ {[%emt 0:46:20][%mdl 64] Discovered Attack} 32. Ke3 Nxh5 {[%emt 0:00:00][%mdl 4096] Endgame KRN-KRN} 33. b4 Nf6 34. a4 Nd5+ 35. Nxd5 Rxd5 {[%emt 0:00:00] KR-KR} 36. b5 Kf6 37. a5 Ke6 38. a6 Rd8 $2 ({Better is} 38... f6 $19 {White must now prevent ...h5.} 39. Ke4 f5+ 40. Ke3 h5) 39. b6 $11 axb6 40. Rxb6+ Kf5 (40... Ke5 $15 41. a7 Ra8 42. f4+ Kd5) 41. Rb7 Rd1 {[%emt 0:00:00] Hoping for ...Ra1.} 42. a7 Ra1 43. Rxe7 (43. Kd4 $1 $11 {was the only way to keep the balance.}) 43... f6 ({Black should play} 43... Kf6 $1 $17 44. Rb7 h5) 44. Kf3 $2 (44. Kd4 $11 {and White has nothing to worry.}) 44... h5 $2 (44... g5 $19 {And now ...Ra3+ would win.} 45. Rh7 Kg6) 45. Rb7 $2 (45. Rh7 $17) 45... Ra3+ $19 46. Kg2 g5 $1 {[%emt 0:00:00][%cal Bg6g5,Bg5g4,Bg4g3][%mdl 32] ...Kg6 is the strong threat.} 47. Rb5+ $2 (47. Rg7) 47... Kg6 $1 48. Rb7 {[%emt 0:00:03] [#]} g4 $1 49. Rc7 h4 50. Rb7 Ra2 51. Kg1 f5 52. Rc7 $2 {[%emt 0:00:58][%mdl 8192] [#]} (52. Kh1 $17) 52... Kg5 $2 (52... f4 $1 $19 {Strongly threatening ...g3.} 53. Rb7 g3) 53. Rb7 $2 (53. Kg2 $17) 53... g3 {[%emt 0:00:00] ( -> ...Kg4)} 54. Rf7 Kg4 55. Rb7 Ra1+ {[%emt 0:00:00] Weighted Error Value: White=0.81/Black=0.29 (precise)} 0-1

[Event "2nd Bassano Easter 2022"]
[Site "Bassano del Grappa"]
[Date "2022.04.18"]
[Round "8.8"]
[White "Nikolov, Momchil"]
[Black "Carlo, Emanuele"]
[Result "0-1"]
[ECO "D35"]
[WhiteElo "2501"]
[BlackElo "2296"]
[Annotator "TA"]
[PlyCount "96"]
[EventDate "2022.04.14"]
[EventType "swiss"]
[EventCountry "ITA"]
[SourceTitle "playchess.com"]
[Source "ChessBase"]
[SourceQuality "1"]
[TimeControl "30/3600+30:1800+30"]

1. d4 Nf6 2. c4 e6 3. Nc3 d5 4. cxd5 Nxd5 5. e4 Nxc3 6. bxc3 c5 7. Rb1 Be7 {[%emt 0:00:53] D35: Queen's Gambit Declined: Exchange Variation.} 8. Nf3 O-O 9. Bc4 Nc6 {[%emt 0:01:01] The position is equal. 9...a6 is more advanced technology.} 10. O-O b6 11. Bf4 Bb7 12. Qd2 Rc8 13. Rfd1 {[%emt 0:01:45] [#]} h6 $146 ({Better is} 13... cxd4 $11 14. cxd4 Bd6) ({Predecessor:} 13... cxd4 14. cxd4 Bd6 15. Bg3 Bxg3 16. hxg3 Nb8 17. Bd3 Nd7 18. a4 Bc6 19. Ra1 a5 {1-0 (31) Volkov,S (2572)-Isanzhulov,A (2254) Sochi 2019}) 14. Bxh6 cxd4 $1 $11 (14... gxh6 15. Qxh6 Na5 16. dxc5 $1 Nxc4 17. Rxd8 Rfxd8 18. Ng5 Bxg5 19. Qxg5+ Kf8 20. f3 $16) 15. Bf4 (15. Qf4 $1 $11 {keeps the balance.}) 15... Na5 16. Bd3 dxc3 (16... Rxc3 $17 17. Qe2 Nc6) 17. Qe2 Qe8 $36 {[%emt 0:04:23][%mdl 2048] White is under pressure.} 18. Ne5 {[%emt 0:07:56] White does not recover from this.} (18. Rbc1 $11 {and White stays safe.}) 18... f6 $19 19. Bb5 {[%emt 0:01:57] [#]} (19. Ng4 $17 {might work better.}) 19... Ba6 $1 20. Bxa6 fxe5 ({Don't do} 20... c2 21. Bxc8 Qxc8 22. Ng6 $18) 21. Bxc8 Qxc8 22. Rbc1 exf4 ({Not} 22... Rxf4 $2 23. Qd3 $19) 23. Rd3 Nc6 {[%emt 0:06:13] aiming for ...Bf6.} 24. Rdxc3 Bc5 25. Qg4 e5 26. Qh5 (26. Qxc8 $142 Rxc8 27. Rd1) 26... Qe8 27. Qd1 (27. Qxe8 Rxe8 28. Rd1) 27... Nd4 28. Kh1 f3 29. gxf3 Qh5 30. Qf1 (30. f4 $142 Qh4 31. Rg3) 30... Rxf3 31. Rxf3 Qxf3+ 32. Qg2 Kf7 33. Qxf3+ Nxf3 34. Kg2 Ng5 35. f3 Ne6 36. Kg3 Ke7 37. Kg4 g6 38. h4 b5 {[%emt 0:01:13] Hoping for ...a5.} 39. h5 $2 (39. Rh1 {was worth a try.} Nf4 40. Rc1) 39... gxh5+ 40. Kxh5 Kf6 {[%emt 0:01:30] And now ...a5 would win.} 41. Kg4 a5 {[%emt 0:01:12][%cal Ba7a5,Ba5a4][%mdl 32] Strongly threatening ...a4.} 42. Rh1 $2 (42. Rb1 b4 43. Rh1) 42... Be3 {[%emt 0:01:05] Black is clearly winning.} 43. Rh8 a4 44. Ra8 Nd4 45. Kh5 Ke6 46. Ra6+ Kd7 47. Kg6 Nxf3 48. Kf6 Bd4 {[%emt 0:00:17] Weighted Error Value: White=0.80/Black=0.20 (precise)} 0-1